 Dungeon Crawl Stone Soup version 0.30-a0-859-gf88a04b62d (webtiles) character file.

Game seed: 11194973676284494214

393 Juicyj the Fighter (level 6, 0/56 HPs)
             Began as a Gnoll Wanderer on Mar 6, 2023.
             Slain by a gnoll
             ... wielding a +0 spear
              (4 damage)
             ... on level 4 of the Dungeon.
             The game lasted 00:05:56 (2718 turns).

Juicyj the Fighter (Gnoll Wanderer)                 Turns: 2718, Time: 00:05:57

Health: 0/56       AC:  3    Str:  9    XL:     6   Next: 81%
Magic:  13/13      EV: 14    Int: 10    God:
Gold:   102        SH:  0    Dex: 17    Spells: 10/14 levels left

rFire   . . .      SeeInvis .    r - +4 whip of Resourcefulness {freeze, Contam +Blink rC+ rN+++}
rCold   + . .      Faith    .    (no shield)
rNeg    + + +      Spirit   .    f - +0 robe
rPois   .          Reflect  .    (no helmet)
rElec   .          Rampage  .    (no cloak)
rCorr   .                        (no gloves)
Will    .....                    d - +0 pair of boots
Stlth   +++                      j - amulet of regeneration
HPRegen 1.09/turn                q - ring of positive energy
MPRegen 0.13/turn                (no ring)

@: no status effects
A: fangs 1, strong nose, distributed training
a: Evoke Blink


You were on level 4 of the Dungeon.
You visited 1 branch of the dungeon, and saw 4 of its levels.

You collected 102 gold pieces.

Inventory:

Hand Weapons
 a - a +0 quarterstaff
 i - the +7 hand axe of Zemaargh {antimagic, rCorr Dex+2}
   (You found it on level 2 of the Dungeon)

   Dex:       It affects your dexterity (+2).
   rCorr:     It protects you from acid and corrosion.
 r - the +4 whip of Resourcefulness (weapon) {freeze, Contam +Blink rC+ rN+++}
   (You found it on level 2 of the Dungeon)

   rC:        It protects you from cold.
   rN:        It renders you almost immune to negative energy.
   +Blink:    It lets you blink.
   Contam:    It causes magical contamination when unequipped.
Armour
 d - a +0 pair of boots (worn)
 f - a +0 robe (worn)
Jewellery
 j - an amulet of regeneration (around neck)
 p - a +6 ring of dexterity
 q - a ring of positive energy (left hand)
Scrolls
 e - 6 scrolls of teleportation
 g - 2 scrolls of identify
 k - a scroll of summoning
 l - a scroll of fear
 o - a scroll of noise
 t - 3 scrolls of amnesia
Potions
 b - a potion of berserk rage
 c - 2 potions of haste
 h - a potion of brilliance
 m - a potion of might
 n - 2 potions of attraction
 u - a potion of ambrosia


   Skills:
 + Level 8.1 Fighting
 + Level 4.7 Short Blades
 + Level 4.7 Long Blades
 + Level 4.7 Axes
 + Level 4.7 Maces & Flails
 + Level 4.7 Polearms
 + Level 6.6 Staves
 + Level 4.7 Ranged Weapons
 + Level 4.7 Throwing
 + Level 6.6 Armour
 + Level 4.7 Dodging
 + Level 5.3 Stealth
 + Level 4.7 Shields
 + Level 6.6 Unarmed Combat
 + Level 4.7 Spellcasting
 + Level 3.9 Conjurations
 + Level 3.9 Hexes
 + Level 3.9 Summonings
 + Level 3.9 Necromancy
 + Level 3.9 Translocations
 + Level 3.9 Transmutations
 + Level 3.9 Fire Magic
 + Level 3.9 Ice Magic
 + Level 3.9 Air Magic
 + Level 3.9 Earth Magic
 + Level 3.9 Poison Magic
 + Level 5.2 Invocations
 + Level 4.7 Evocations


You had 10 spell levels left.
You knew the following spells:

 Your Spells              Type           Power      Damage    Failure   Level
a - Shock                 Conj/Air       40%        1d5       4%          1
b - Stone Arrow           Conj/Erth      20%        3d8       14%         3

Your spell library contained the following spells:

 Spells                   Type           Power      Damage    Failure   Level
 Swiftness                Air            10%        N/A       14%         3
 Airstrike                Air            5%         2d(1-17)  43%         4
 Animate Armour           Summ/Erth      20%        N/A       43%         4
 Lehudib's Crystal Spear  Conj/Erth      5%         10d3      100%        8


Dungeon Overview and Level Annotations

Branches:
Dungeon (4/15)
 Temple: D:4-7

Altars:
Fedhas
Hepliaklqana


Innate Abilities, Weirdness & Mutations

You have very sharp teeth.
Your uncanny sense of smell can sniff out nearby items.
Your experience applies equally to all skills.


Message History

You are too injured to fight recklessly!
You are too injured to fight recklessly!
You are too injured to fight recklessly!
You are too injured to fight recklessly!
You hit the gnoll. You freeze the gnoll.
The gnoll is heavily wounded.
The gnoll barely misses you.
You whack the gnoll! You freeze the gnoll.
You kill the gnoll!
You hit the gnoll. You freeze the gnoll.
The gnoll is heavily wounded.
You hit the gnoll. You freeze the gnoll.
The gnoll is almost dead.
The gnoll hits you from afar with a +0 spear.
You barely miss the gnoll.
The gnoll is almost dead.
You hit the gnoll but do no damage.
The gnoll is almost dead.
The gnoll hits you from afar with a +0 spear.
The gnoll hits you with a +0 spear. The gnoll misses you.
The gnoll closely misses you.
You see here a +0 flail.
You barely miss the gnoll. Your bite misses the gnoll.
The gnoll is heavily wounded.
The gnoll misses you. The gnoll hits you with a +0 spear.
The gnoll hits you with a +0 flail.
* * * LOW HITPOINT WARNING * * *
You whack the gnoll! You freeze the gnoll.
You kill the gnoll!
The gnoll barely misses you. The gnoll closely misses you.
The gnoll hits you with a +0 spear.
* * * LOW HITPOINT WARNING * * *
Things that are here:
a +0 whip; a gnoll corpse The gnoll attacks as you move away!
The gnoll hits you with a +0 flail!
* * * LOW HITPOINT WARNING * * *
The gnoll hits you with a +0 spear.
* * * LOW HITPOINT WARNING * * *
The gnoll hits you from afar with a +0 spear.
You die...

∆ ###### ###
....# #.#
#.#.###.#
##.#...#.#
#....#.#.#
######....#g..#
#.........)g.@#
.#####'####...#
#...#'######.#
#.........# ...
#.........#
##...
#.........#
...#
#.........# ..#
#.........# ..#
#........[#


You could see 2 gnolls.

Vanquished Creatures
  A scorpion (D:3)
  Jessica (D:3)
  Robin (D:3)
  2 gnolls (D:4)
  3 adders (D:2)
  A worm (D:2)
  2 dart slugs (D:2)
  An orc (D:3)
  4 ball pythons
  6 bats
  6 endoplasms
  4 giant cockroaches
  9 goblins
  8 hobgoblins
  2 jackals (D:2)
  2 quokkas (D:3)
  3 frilled lizards (D:1)
  3 kobolds
  5 rats
64 creatures vanquished.

Notes
Turn   | Place    | Note
-------+----------+-------------------------------------------
     0 | D:1      | Juicyj the Gnoll Wanderer began the quest for the Orb.
     0 | D:1      | Juicyj set off with the following items: a +0 quarterstaff,
                  | a potion of berserk rage, a potion of haste, a +0 pair of
                  | boots, a scroll of teleportation, a +0 robe.
     0 | D:1      | Reached XP level 1. HP: 23/23 MP: 1/1
   125 | D:1      | Reached XP level 2. HP: 29/29 MP: 2/2
   184 | D:1      | Found a faded altar of an unknown god.
   274 | D:1      | Learned a level 1 spell: Shock
   850 | D:2      | Reached XP level 3. HP: 35/35 MP: 3/3
   876 | D:2      | Reached skill level 1 in Invocations
   976 | D:2      | Identified the +4 whip of Resourcefulness {freeze, Contam
                  | +Blink rC+ rN+++}
  1042 | D:2      | Reached skill level 1 in Short Blades
  1042 | D:2      | Reached skill level 1 in Long Blades
  1042 | D:2      | Reached skill level 1 in Axes
  1042 | D:2      | Reached skill level 1 in Maces & Flails
  1042 | D:2      | Reached skill level 1 in Polearms
  1042 | D:2      | Reached skill level 1 in Ranged Weapons
  1042 | D:2      | Reached skill level 1 in Throwing
  1042 | D:2      | Reached skill level 1 in Dodging
  1042 | D:2      | Reached skill level 1 in Shields
  1042 | D:2      | Reached skill level 1 in Spellcasting
  1042 | D:2      | Reached skill level 1 in Evocations
  1355 | D:2      | Reached XP level 4. HP: 41/41 MP: 5/5
  1417 | D:2      | Found a hazy altar of Hepliaklqana.
  1443 | D:2      | Identified the +7 hand axe of Zemaargh {antimagic, rCorr
                  | Dex+2}
  1737 | D:2      | Learned a level 3 spell: Stone Arrow
  1789 | D:3      | Reached skill level 1 in Conjurations
  1789 | D:3      | Reached skill level 1 in Hexes
  1789 | D:3      | Reached skill level 1 in Summonings
  1789 | D:3      | Reached skill level 1 in Necromancy
  1789 | D:3      | Reached skill level 1 in Translocations
  1789 | D:3      | Reached skill level 1 in Transmutations
  1789 | D:3      | Reached skill level 1 in Fire Magic
  1789 | D:3      | Reached skill level 1 in Ice Magic
  1789 | D:3      | Reached skill level 1 in Air Magic
  1789 | D:3      | Reached skill level 1 in Earth Magic
  1789 | D:3      | Reached skill level 1 in Poison Magic
  1812 | D:3      | Noticed a scorpion
  1819 | D:3      | Killed a scorpion
  1820 | D:3      | Reached XP level 5. HP: 42/47 MP: 5/7
  1967 | D:3      | Found a hazy altar of Hepliaklqana.
  2048 | D:3      | Noticed Robin
  2067 | D:3      | Killed Robin
  2153 | D:3      | Noticed Jessica
  2158 | D:3      | Killed Jessica
  2392 | D:3      | Found a blossoming altar of Fedhas.
  2627 | D:3      | Reached skill level 8 in Fighting
  2627 | D:3      | Reached skill level 5 in Stealth
  2627 | D:3      | Reached skill level 5 in Invocations
  2627 | D:3      | Reached XP level 6. HP: 56/56 MP: 7/13
  2718 | D:4      | Slain by a gnoll

Illustrated notes

Levels and vault maps discovered:
D:1:      lemuel_arrival_funnel, layout_basic, basic_ecumenical_altar,
          nicolae_eternal_life
D:2:      layout_basic, basic_altar, minmay_quantized
D:3:      layout_loops_corners, nicolae_hepliaklqana_hippocampus,
          old_standard_altar, minmay_misc_feat_room, uniq_jessica, uniq_robin
D:4:      layout_basic, cheibrodos_ashenzari_chains,
          minmay_temple_entry_antechambers, chequers_avenue

Skill      XL: |  1  2  3  4  5 |
---------------+----------------+-----
Invocations    | 1 5 |  5.2
Short Blades   | 1 4 |  4.7
Long Blades    | 1 4 |  4.7
Axes           | 1 4 |  4.7
Maces & Flails | 1 4 |  4.7
Polearms       | 1 4 |  4.7
Ranged Weapons | 1 4 |  4.7
Throwing       | 1 4 |  4.7
Dodging        | 1 4 |  4.7
Shields        | 1 4 |  4.7
Spellcasting   | 1 4 |  4.7
Evocations     | 1 4 |  4.7
Conjurations   | 1 3 |  3.9
Hexes          | 1 3 |  3.9
Summonings     | 1 3 |  3.9
Necromancy     | 1 3 |  3.9
Translocations | 1 3 |  3.9
Transmutations | 1 3 |  3.9
Fire Magic     | 1 3 |  3.9
Ice Magic      | 1 3 |  3.9
Air Magic      | 1 3 |  3.9
Earth Magic    | 1 3 |  3.9
Poison Magic   | 1 3 |  3.9
Fighting       | 8 |  8.1
Staves         | 6 |  6.6
Armour         | 6 |  6.6
Stealth        | 5 |  5.3
Unarmed Combat | 6 |  6.6

Action                     |  1- 3 |  4- 6 || total
---------------------------+-------+-------++-------
  Melee: Quarterstaff      |    79 |       ||    79
         Bite              |     7 |     4 ||    11
         Whip              |    13 |    78 ||    91
         Punch             |     1 |     1 ||     2
    Use: Potion            |     6 |     1 ||     7
         Scroll            |     2 |     4 ||     6
   Stab: Sleeping          |     3 |     5 ||     8
 Armour: Robe              |    30 |    11 ||    41
  Dodge: Dodged            |    54 |    45 ||    99

Table legend: (Time is in decaauts)
 A = Elapsed time spent in this place.
 B = Non-inter-level travel time spent in this place.
 C = Inter-level travel time spent in this place.
 D = Time resting spent in this place.
 E = Time spent auto-exploring this place.
 F = Levels seen in this place.
 G = Mean time per level.
                   A        B        C        D        E       F      G
               +--------+--------+--------+--------+--------+-----+--------+
         Total |   2733 |   2676 |     57 |      0 |   2219 |   4 |  683.2 |
       Dungeon |   2733 |   2676 |     57 |      0 |   2219 |   4 |  683.2 |
               +--------+--------+--------+--------+--------+-----+--------+

Top non-repeatable levels by time:
     D:2: 997 daAuts
     D:3: 921 daAuts
     D:1: 781 daAuts
     D:4: 33 daAuts
